3AAA
PAWNEE PARKSNREC @ PURE MICHIGAN GREAT LAKERS
09/14/2023
 
TOP OF THE 1ST
Pawnee ParksNRec batting - Pitching for Pure Michigan Great Lakers : LHP Jaime Carrión
Pitching: LHP Jaime Carrión
Batting: RHB Roberto Maestas 0-0: Ball
1-0: Ball
2-0: Bunted foul
2-1: Fly out, F8 (Flyball, 8LM)
Batting: RHB Eldon McGillivour 0-0: Foul Ball, location: 2F
0-1: Ball
1-1: SINGLE (Line Drive, 89S)
Batting: LHB Ramón García 0-0: Foul Ball, location: 2F
0-1: Called Strike
0-2: Foul Ball, location: 2F
0-2: Ball
1-2: Foul Ball, location: 2F
1-2: Foul Ball, location: 2F
1-2: Ball
2-2: Ball
3-2: Strikes out swinging
Eldon McGillivour steals 2nd base
Batter strikes out.
Batting: RHB Arturo Morales 0-0: Foul Ball, location: 2F
0-1: Swinging Strike
0-2: Strikes out swinging
Top of the 1st over - 0 run(s), 1 hit(s), 0 error(s), 1 left on base; Pawnee 0 - Pure Michigan 0
BOTTOM OF THE 1ST
Pure Michigan Great Lakers batting - Pitching for Pawnee ParksNRec : RHP Howard Ritchie
Pitching: RHP Howard Ritchie
Batting: RHB Brian King 0-0: Ball
1-0: Swinging Strike
1-1: Foul Ball, location: 2F
1-2: Foul Ball, location: 2F
1-2: TRIPLE (Line Drive, 8RM)
Batting: RHB Zong-yuan Fung 0-0: Fly out, F4 (Popup, 3D)
Batting: RHB Jeffery Campbell 0-0: Ball
1-0: Foul Ball, location: 2F
1-1: Fly out, F8 (Line Drive, 8LD)
Runner from 3rd tags up, SCORES, no throw
Batting: LHB Gustavo Cortéz 0-0: DOUBLE (Flyball, 9LM)
Batting: LHB Mario Cruz 0-0: Ball
1-0: Ball
2-0: Called Strike
2-1: Foul Ball, location: 2F
2-2: Foul Ball, location: 2F
2-2: Foul Ball, location: 2F
2-2: Ball
3-2: Foul Ball, location: 2F
3-2: 2-RUN HOME RUN (Flyball, 9D), Distance : 375 ft
Batting: LHB Sean Angwin 0-0: Foul Ball, location: 2F
0-1: Ball
1-1: Ball
2-1: Ball
3-1: Foul Ball, location: 2F
3-2: Base on Balls
Batting: RHB Dani Trejo 0-0: Foul Ball, location: 2F
0-1: Ball
1-1: Ground out 5-3 (Groundball, 5S)
Bottom of the 1st over - 3 run(s), 3 hit(s), 0 error(s), 1 left on base; Pawnee 0 - Pure Michigan 3
TOP OF THE 2ND
Pawnee ParksNRec batting - Pitching for Pure Michigan Great Lakers : LHP Jaime Carrión
Batting: RHB Julián Salcido 0-0: Ball
1-0: Called Strike
1-1: Ball
2-1: Ball
3-1: Called Strike
3-2: Strikes out swinging
Batting: RHB Alfredo Suárez 0-0: Ball
1-0: Foul Ball, location: 2F
1-1: Ball
2-1: Fly out, F5 (Popup, 5DF)
Batting: RHB Ronald Hines 0-0: Called Strike
0-1: Foul Ball, location: 2F
0-2: Ball
1-2: Strikes out swinging
Top of the 2nd over - 0 run(s), 0 hit(s), 0 error(s), 0 left on base; Pawnee 0 - Pure Michigan 3
BOTTOM OF THE 2ND
Pure Michigan Great Lakers batting - Pitching for Pawnee ParksNRec : RHP Howard Ritchie
Batting: RHB Yoshiyuki Sasaki 0-0: Ball
1-0: Ball
2-0: Swinging Strike
2-1: Foul Ball, location: 2F
2-2: Foul Ball, location: 2F
2-2: Strikes out swinging
Batting: RHB Lorenzo Sabastro 0-0: Ball
1-0: Foul Ball, location: 2F
1-1: Ground out 1-3 (Groundball, 15S)
Batting: RHB Brian King 0-0: Ball
1-0: Ball
2-0: SINGLE (Line Drive, 6MD)
Batting: RHB Zong-yuan Fung 0-0: Called Strike
0-1: Ball
1-1: Called Strike
1-2: Ball
2-2: Ball
3-2: SINGLE (Flyball, 89S)
Brian King to second
Brian King to third
Batting: RHB Jeffery Campbell 0-0: Called Strike
0-1: SINGLE (Groundball, 56D)
Brian King scores
Zong-yuan Fung to second
Batting: LHB Gustavo Cortéz 0-0: Foul Ball, location: 2F
0-1: Ball
1-1: Swinging Strike
1-2: SINGLE (Groundball, 13S) (infield hit)
Zong-yuan Fung to third
Jeffery Campbell to second
Batting: LHB Mario Cruz 0-0: Hit by Pitch
Zong-yuan Fung scores
Jeffery Campbell to third
Gustavo Cortéz to second
Batting: LHB Sean Angwin 0-0: Called Strike
0-1: Called Strike
0-2: Ball
1-2: Ball
2-2: Foul Ball, location: 2F
2-2: Ball
3-2: Foul Ball, location: 2F
3-2: Ground out 6-3 (Groundball, 6)
Bottom of the 2nd over - 2 run(s), 4 hit(s), 0 error(s), 3 left on base; Pawnee 0 - Pure Michigan 5
TOP OF THE 3RD
Pawnee ParksNRec batting - Pitching for Pure Michigan Great Lakers : LHP Jaime Carrión
Batting: SHB José Carlos Nieves 0-0: Ball
1-0: Called Strike
1-1: Foul Ball, location: 2F
1-2: Ball
2-2: Foul Ball, location: 2F
2-2: Foul Ball, location: 2F
2-2: SINGLE (Groundball, 6S)
Batting: RHB Jonathan Widdop 0-0: Ball
1-0: Ball
2-0: Ball
3-0: Called Strike
3-1: Foul Ball, location: 2F
3-2: Foul Ball, location: 2F
3-2: Strikes out looking
Batting: RHB Roberto Maestas 0-0: Ball
1-0: DOUBLE (Line Drive, 78D)
José Carlos Nieves to third
Batting: RHB Eldon McGillivour 0-0: Foul Ball, location: 2F
0-1: Ball
Wild Pitch!
José Carlos Nieves scores
Roberto Maestas to third
1-1: Called Strike
1-2: Ball
2-2: Ball
3-2: Foul Ball, location: 2F
3-2: Fly out, F7 (Flyball, 78M)
Runner from 3rd tags up, SCORES, no throw
Batting: LHB Ramón García 0-0: Foul Ball, location: 2F
0-1: Ground out 4-3 (Groundball, 4MS)
Top of the 3rd over - 2 run(s), 2 hit(s), 0 error(s), 0 left on base; Pawnee 2 - Pure Michigan 5
BOTTOM OF THE 3RD
Pure Michigan Great Lakers batting - Pitching for Pawnee ParksNRec : RHP Howard Ritchie
Batting: RHB Dani Trejo 0-0: Ball
1-0: Fly out, F9 (Popup, 4D)
Batting: RHB Yoshiyuki Sasaki 0-0: Ball
1-0: Ball
2-0: Swinging Strike
2-1: Foul Ball, location: 2F
2-2: Foul Ball, location: 2F
2-2: Ball
3-2: Base on Balls
Batting: RHB Lorenzo Sabastro 0-0: Ground out 5-3 (Groundball, 56S)
Yoshiyuki Sasaki to second
Batting: RHB Brian King 0-0: Foul Ball, location: 2F
0-1: Ball
1-1: Ball
2-1: SINGLE (Line Drive, 56)
Yoshiyuki Sasaki to third
Batting: RHB Zong-yuan Fung 0-0: Ball
1-0: Swinging Strike
1-1: Called Strike
1-2: Foul Ball, location: 2F
1-2: Ground out 5-3 (Groundball, 5L)
Bottom of the 3rd over - 0 run(s), 1 hit(s), 0 error(s), 2 left on base; Pawnee 2 - Pure Michigan 5
TOP OF THE 4TH
Pawnee ParksNRec batting - Pitching for Pure Michigan Great Lakers : LHP Jaime Carrión
Batting: RHB Arturo Morales 0-0: Swinging Strike
0-1: Ball
1-1: Swinging Strike
1-2: Ball
2-2: Strikes out swinging
Batting: RHB Julián Salcido 0-0: Called Strike
0-1: Ball
1-1: Ball
2-1: Foul Ball, location: 2F
2-2: Fly out, F4 (Popup, 3D)
Batting: RHB Alfredo Suárez 0-0: Swinging Strike
0-1: Ball
1-1: SINGLE (Line Drive, 89M)
Batting: RHB Ronald Hines 0-0: Called Strike
0-1: Ball
1-1: Ball
2-1: Ball
3-1: Called Strike
3-2: SINGLE (Line Drive, 6)
Alfredo Suárez to second
Alfredo Suárez to third
Batting: SHB José Carlos Nieves 0-0: Called Strike
0-1: Called Strike
0-2: Ball
1-2: Strikes out looking
Top of the 4th over - 0 run(s), 2 hit(s), 0 error(s), 2 left on base; Pawnee 2 - Pure Michigan 5
BOTTOM OF THE 4TH
Pure Michigan Great Lakers batting - Pitching for Pawnee ParksNRec : RHP Howard Ritchie
Batting: RHB Jeffery Campbell 0-0: Foul Ball, location: 2F
0-1: SINGLE (Line Drive, 6MD)
Batting: LHB Gustavo Cortéz 0-0: Swinging Strike
0-1: Ball
1-1: Ball
2-1: Called Strike
2-2: Grounds into double play, U6-3 (Groundball, 6M)
Batting: LHB Mario Cruz 0-0: Ball
1-0: Called Strike
1-1: Ground out 4-3 (Groundball, 4MS)
Bottom of the 4th over - 0 run(s), 1 hit(s), 0 error(s), 0 left on base; Pawnee 2 - Pure Michigan 5
TOP OF THE 5TH
Pawnee ParksNRec batting - Pitching for Pure Michigan Great Lakers : LHP Jaime Carrión
Batting: RHB Jonathan Widdop 0-0: Called Strike
0-1: Foul Ball, location: 2F
0-2: Ball
1-2: Ball
2-2: Ball
3-2: Base on Balls
Batting: RHB Roberto Maestas 0-0: Called Strike
0-1: Called Strike
0-2: Ball
1-2: Grounds into double play, 6-4-3 (Groundball, 6)
Batting: RHB Eldon McGillivour 0-0: Ground out 6-3 (Groundball, 6M)
Top of the 5th over - 0 run(s), 0 hit(s), 0 error(s), 0 left on base; Pawnee 2 - Pure Michigan 5
BOTTOM OF THE 5TH
Pure Michigan Great Lakers batting - Pitching for Pawnee ParksNRec : RHP Howard Ritchie
Batting: LHB Sean Angwin 0-0: Called Strike
0-1: Ball
1-1: Called Strike
1-2: Ball
2-2: Foul Ball, location: 2F
2-2: Ball
3-2: Foul Ball, location: 2F
3-2: Fly out, F8 (Flyball, 8RD)
Batting: RHB Dani Trejo 0-0: Ball
1-0: Ball
2-0: Ground out 6-3 (Groundball, 6)
Batting: RHB Yoshiyuki Sasaki 0-0: SINGLE (Line Drive, 78S)
Pitching: RHP Ben Quinn
Batting: RHB Lorenzo Sabastro 0-0: Called Strike
0-1: Called Strike
0-2: Fly out, F8 (Flyball, 8LXD)
Bottom of the 5th over - 0 run(s), 1 hit(s), 0 error(s), 1 left on base; Pawnee 2 - Pure Michigan 5
TOP OF THE 6TH
Pawnee ParksNRec batting - Pitching for Pure Michigan Great Lakers : LHP Jaime Carrión
Batting: LHB Ramón García 0-0: Ball
1-0: Ball
2-0: Ball
3-0: Base on Balls
Batting: RHB Arturo Morales 0-0: Ball
1-0: Foul Ball, location: 2F
1-1: Grounds into double play, 6-4-3 (Groundball, 6)
Batting: RHB Julián Salcido 0-0: DOUBLE (Line Drive, 7M)
Batting: RHB Alfredo Suárez 0-0: Foul Ball, location: 2F
0-1: Ball
1-1: Ball
2-1: Fly out, F9 (Flyball, 89M)
Top of the 6th over - 0 run(s), 1 hit(s), 0 error(s), 1 left on base; Pawnee 2 - Pure Michigan 5
BOTTOM OF THE 6TH
Pure Michigan Great Lakers batting - Pitching for Pawnee ParksNRec : RHP Ben Quinn
Batting: RHB Brian King 0-0: Foul Ball, location: 2F
0-1: Fly out, F8 (Flyball, 8LM)
Batting: RHB Zong-yuan Fung 0-0: Ground out 5-3 (Groundball, 56)
Batting: RHB Jeffery Campbell 0-0: Ground out 4-3 (Groundball, 4M)
Bottom of the 6th over - 0 run(s), 0 hit(s), 0 error(s), 0 left on base; Pawnee 2 - Pure Michigan 5
TOP OF THE 7TH
Pawnee ParksNRec batting - Pitching for Pure Michigan Great Lakers : LHP Jaime Carrión
Batting: RHB Ronald Hines 0-0: Called Strike
0-1: Ball
1-1: Ball
2-1: Ball
3-1: Foul Ball, location: 2F
3-2: Base on Balls
Pitching: RHP Jim Unknown
Batting: SHB José Carlos Nieves 0-0: Foul Ball, location: 2F
0-1: Called Strike
0-2: Ball
1-2: SINGLE (Line Drive, 3D)
Ronald Hines to second
Batting: RHB Jonathan Widdop 0-0: Fly out, F9 (Flyball, 9LM)
Batting: RHB Roberto Maestas 0-0: Swinging Strike
0-1: Ball
1-1: Foul Ball, location: 2F
1-2: Ball
2-2: Strikes out swinging
Batting: RHB Eldon McGillivour 0-0: Ball
1-0: Foul Ball, location: 2F
1-1: Ball
2-1: Ball
3-1: Base on Balls
Ronald Hines to third
José Carlos Nieves to second
Batting: LHB Ramón García 0-0: Called Strike
0-1: Foul Ball, location: 2F
0-2: Ball
1-2: Foul Ball, location: 2F
1-2: Ball
2-2: Foul Ball, location: 2F
2-2: SINGLE (Groundball, 4MD)
Ronald Hines scores
José Carlos Nieves to third
Eldon McGillivour to second
Runner from 3rd tries for Home, SAFE, no throw or cutoff
Pinch Hitting: RHB Dale Blair 0-0: Called Strike
0-1: Ball
Wild Pitch!
Eldon McGillivour to third
Ramón García to second
1-1: Called Strike
1-2: Strikes out swinging
Top of the 7th over - 2 run(s), 2 hit(s), 0 error(s), 2 left on base; Pawnee 4 - Pure Michigan 5
BOTTOM OF THE 7TH
Pure Michigan Great Lakers batting - Pitching for Pawnee ParksNRec : RHP Ben Quinn
Now at 3B: Dale Blair
Batting: LHB Gustavo Cortéz 0-0: Ball
1-0: Ball
2-0: Called Strike
2-1: Called Strike
2-2: Foul Ball, location: 2F
2-2: Fly out, F7 (Flyball, 78D)
Batting: LHB Mario Cruz 0-0: Foul Ball, location: 2F
0-1: Fly out, F7 (Flyball, 7M)
Batting: LHB Sean Angwin 0-0: Ball
1-0: Ball
2-0: Foul Ball, location: 2F
2-1: Fly out, F7 (Flyball, 7S)
Bottom of the 7th over - 0 run(s), 0 hit(s), 0 error(s), 0 left on base; Pawnee 4 - Pure Michigan 5
TOP OF THE 8TH
Pawnee ParksNRec batting - Pitching for Pure Michigan Great Lakers : RHP Jim Unknown
Pitching: RHP Jim Unknown
Now in LF: Jesús Pérez
Batting: RHB Julián Salcido 0-0: Swinging Strike
0-1: Foul Ball, location: 2F
0-2: Ball
1-2: Strikes out swinging
Batting: RHB Alfredo Suárez 0-0: Ball
1-0: Called Strike
1-1: Ground out 6-3 (Groundball, 6)
Batting: RHB Ronald Hines 0-0: Called Strike
0-1: Foul Ball, location: 2F
0-2: Foul Ball, location: 2F
0-2: Ball
1-2: Strikes out swinging
Top of the 8th over - 0 run(s), 0 hit(s), 0 error(s), 0 left on base; Pawnee 4 - Pure Michigan 5
BOTTOM OF THE 8TH
Pure Michigan Great Lakers batting - Pitching for Pawnee ParksNRec : RHP Ben Quinn
Batting: RHB Dani Trejo 0-0: Ball
1-0: Ball
2-0: Ball
3-0: Called Strike
3-1: Swinging Strike
3-2: Strikes out swinging
Batting: RHB Yoshiyuki Sasaki 0-0: Ball
1-0: Ball
2-0: Foul Ball, location: 2F
2-1: Ground out 6-3 (Groundball, 6)
Batting: RHB Lorenzo Sabastro 0-0: Called Strike
0-1: Called Strike
0-2: Strikes out swinging
Bottom of the 8th over - 0 run(s), 0 hit(s), 0 error(s), 0 left on base; Pawnee 4 - Pure Michigan 5
TOP OF THE 9TH
Pawnee ParksNRec batting - Pitching for Pure Michigan Great Lakers : RHP Jim Unknown
Pitching: RHP Jim Unknown
Batting: SHB José Carlos Nieves 0-0: Ball
1-0: Foul Ball, location: 2F
1-1: Called Strike
1-2: Ball
2-2: Ball
3-2: Foul Ball, location: 2F
3-2: Fly out, F3 (Popup, 4S)
Batting: RHB Jonathan Widdop 0-0: Called Strike
0-1: SINGLE (Groundball, 34D)
Batting: RHB Roberto Maestas 0-0: Ball
Jonathan Widdop steals 2nd base
1-0: Ground out 5-3 (Groundball, 56)
Batting: RHB Eldon McGillivour 0-0: Called Strike
0-1: Swinging Strike
0-2: Ball
1-2: Foul Ball, location: 2F
1-2: Fly out, F7 (Flyball, 7M)
Top of the 9th over - 0 run(s), 1 hit(s), 0 error(s), 1 left on base; Pawnee 4 - Pure Michigan 5
This league is powered by Out of the Park Baseball, the baseball management simulation game for PC, Mac and Linux
Friday, July 8th, 2016 - OOTP Baseball 16.9 Build 39